 Dungeon Crawl Stone Soup version 0.31-a0-983-g7b6862f502 (webtiles) character file.

Game seed: 2250026080139772703

5 wildpjah the Chiller (level 1, 15/15 HPs)
             Began as a Naga Ice Elementalist on Nov 2, 2023.
             Got out of the dungeon alive.
             The game lasted 00:00:58 (293 turns).

wildpjah the Chiller (Naga Ice Elementalist)         Turns: 293, Time: 00:00:58

Health: 15/15      AC:  1    Str: 10    XL:     1   Next: 80%
Magic:  3/3        EV:  9    Int: 15    God:
Gold:   0          SH:  0    Dex: 11    Spells: 3/4 levels left

rFire   . . .        (no weapon)
rCold   . . .        (no shield)
rNeg    . . .        a - +0 robe
rPois   +            (no helmet)
rElec   .            (no cloak)
rCorr   .            (no gloves)
SInv    +            (no barding)
Will    .....        (no amulet)
Stlth   ++           (no ring)
HPRegen 0.22/turn    (no ring)
MPRegen 0.08/turn

%: no passive effects
@: very slow
A: AC +0, large, see invisible, deformed body, poison resistance, slowness 2,
spit poison 1, naga tail 1
a: Spit Poison


You escaped.
You visited 1 branch of the dungeon, and saw 1 of its levels.

Inventory:

Hand Weapons
 c - a +0 short sword of venom
Armour
 a - a +0 robe (worn)
Potions
 b - a potion of magic
 d - a potion of heal wounds {unknown}


   Skills:
 + Level 1.5 Dodging
 + Level 3.0 Stealth
 * Level 2.0 Spellcasting
 * Level 4.3 Ice Magic


You had 3 spell levels left.
You knew the following spells:

 Your Spells              Type           Power      Damage    Failure   Level
a - Freeze                Ice            56%        1d7       3%          1

Your spell library contained the following spells:

 Spells                   Type           Power      Damage    Failure   Level
 Frozen Ramparts          Ice            28%        1d5       12%         3
 Ozocubu's Armour         Ice            14%        N/A       12%         3
 Summon Ice Beast         Ice/Summ       7%         N/A       67%         4


Dungeon Overview and Level Annotations

Branches:
Dungeon (1/15)

Altars:


Innate Abilities, Weirdness & Mutations

Your serpentine skin is tough. (AC +0)
You have supernaturally acute eyesight. (SInv)
Armour fits poorly on your strangely shaped body.
Your system is resistant to poisons. (rPois)
You cover ground very slowly.
You can spit poison.
You have a snake-like lower body.


Message History

a +0 dagger; 3 stones; a kobold corpse You see here a +0 short sword.
You open the door.
A kobold comes into view.
It is wielding a +0 short sword of venom.
The kobold shouts!
A bat comes into view.
Found a golden potion.
Aiming: Freeze (safe; 4% risk of failure)
Press: ? - help, Q - select action, (/) - cycle Shift-Dir - straight line, f - kobold
Aim: a kobold, wielding a +0 short sword of venom You freeze the kobold.
The kobold is moderately wounded.
The kobold hits you with a +0 short sword of venom.
Aiming: Freeze (safe; 4% risk of failure)
Press: ? - help, Q - select action, (/) - cycle Shift-Dir - straight line, f/p - kobold
Aim: a kobold, wielding a +0 short sword of venom (moderately wounded)
You freeze the kobold.
You kill the kobold!
Aiming: Freeze (safe; 4% risk of failure)
Press: ? - help, Q - select action, (/) - cycle Shift-Dir - straight line, f - bat
Aim: a bat You freeze the bat!
You kill the bat!
There is an open door here.
Things that are here:
a +0 short sword of venom; a kobold corpse
c - a +0 short sword of venom
Found a leather armour.
d - a golden potion
Found a stone staircase leading down.
Unknown command.
There is an open door here.
You see here a kobold corpse.
You see here a +0 short sword.
Things that are here:
a +0 dagger; 3 stones; a kobold skeleton
There is an open door here.
There is an open door here.
There is a staircase leading out of the dungeon here.
You have escaped!

##########################
...............#.P#~.≈#..#
##############.#@.'...'..#
###### #.#..#...#P.#
...... .> #.####...####
#####. #.# #.#..#...#..#
#####.##.# #.#P.'...'.(#
.#........ #.#..#.#.#..#
.#.##.##.# #.####.#.####
.#.##.##.# #.#..#...#P.#
.#.##.##.###.#)#..'...'.P#


There were no monsters in sight!

Vanquished Creatures
  A bat (D:1)
  A giant cockroach (D:1)
  2 kobolds (D:1)
  A rat (D:1)
5 creatures vanquished.

Notes
Turn   | Place    | Note
-------+----------+-------------------------------------------
     0 | D:1      | wildpjah the Naga Ice Elementalist began the quest for the
                  | Orb.
     0 | D:1      | Reached XP level 1. HP: 15/15 MP: 3/3
   293 | D:$      | Got out of the dungeon alive.

Illustrated notes

Levels and vault maps discovered:
D:1:      dpeg_arrival_prison, layout_basic, minmay_misc_feat_doors,
          serial_bayou_crossing

Action                     || total
---------------------------++-------
   Cast: Freeze            ||     8
 Armour: Robe              ||     3

Table legend: (Time is in decaauts)
 A = Elapsed time spent in this place.
 B = Non-inter-level travel time spent in this place.
 C = Inter-level travel time spent in this place.
 D = Time resting spent in this place.
 E = Time spent auto-exploring this place.
 F = Levels seen in this place.
 G = Mean time per level.
                   A        B        C        D        E       F      G
               +--------+--------+--------+--------+--------+-----+--------+
         Total |    365 |    265 |    100 |      0 |    235 |   1 |  365.0 |
       Dungeon |    365 |    265 |    100 |      0 |    235 |   1 |  365.0 |
               +--------+--------+--------+--------+--------+-----+--------+

Top non-repeatable levels by time:
     D:1: 365 daAuts
